| TOP OF THE 1ST |
|
Nashville Sounds batting - Pitching for Fresno Grizzlies : RHP Mike Chisolm
|
|
Pitching: RHP Mike Chisolm
|
|
|
Batting: SHB Brace Harper
|
0-0: Ball 1-0: Swinging Strike 1-1: Foul Ball, location: 2F 1-2: Strikes out swinging, 2-3 out at first.
|
|
Batting: RHB Robby Godwin
|
0-0: Reached on error, E5 (Groundball, 56, EV 105.6 MPH)
|
|
Batting: RHB Jeff Garofalo
|
0-0: Foul Ball, location: 2F 0-1: Foul Ball, location: 2F 0-2: Ball 1-2: Fly out, F9 (Line Drive, 9D, EV 95.6 MPH)
|
|
Batting: RHB Dusty Thompson
|
0-0: Fly out, F7 (Flyball, 7D, EV 93.1 MPH)
|
| Top of the 1st over - 0 runs, 0 hits, 1 error, 1 left on base; Nashville 0 - Fresno 0 |
| BOTTOM OF THE 1ST |
|
Fresno Grizzlies batting - Pitching for Nashville Sounds : RHP Troy DiFiore
|
|
Pitching: RHP Troy DiFiore
|
|
|
Batting: RHB Ben Hoffman
|
0-0: Called Strike 0-1: Foul Ball, location: 2F 0-2: DOUBLE (Line Drive, 89D, EV 97.5 MPH)
|
|
Batting: LHB Chris Cabrera
|
0-0: Called Strike 0-1: Ball 1-1: Ground out 4-3 (Groundball, 4, EV 106.9 MPH) Ben Hoffman to third
|
|
Batting: LHB Bob Myers
|
0-0: Called Strike 0-1: Foul Ball, location: 2F 0-2: Ball 1-2: Ball Wild Pitch! Ben Hoffman scores 2-2: Strikes out looking
|
|
Batting: RHB Chris Fitzgerald
|
0-0: Swinging Strike 0-1: Foul Ball, location: 2F 0-2: Ball 1-2: Fly out, F7 (Flyball, 7, EV 89.4 MPH)
|
| Bottom of the 1st over - 1 run, 1 hit, 0 errors, 0 left on base; Nashville 0 - Fresno 1 |
| TOP OF THE 2ND |
|
Nashville Sounds batting - Pitching for Fresno Grizzlies : RHP Mike Chisolm
|
|
Batting: RHB Chris Stillions
|
0-0: Ball 1-0: Ball 2-0: Called Strike 2-1: Foul Ball, location: 2F 2-2: Foul Ball, location: 2F 2-2: Ball 3-2: Foul Ball, location: 2F 3-2: Foul Ball, location: 2F 3-2: Base on Balls
|
|
Batting: RHB Josh Sinden
|
0-0: Called Strike 0-1: Ball 1-1: Ball 2-1: Foul Ball, location: 2F 2-2: Strikes out swinging
|
|
Batting: RHB Colin Boddy
|
0-0: Called Strike 0-1: Fly out, F8 (Flyball, 89M, EV 97.5 MPH)
|
|
Batting: RHB Jonathan Lugo
|
0-0: Foul Ball, location: 2F 0-1: Foul Ball, location: 2F 0-2: Ball Chris Stillions is caught stealing 2nd base 2-4
|
| Top of the 2nd over - 0 runs, 0 hits, 0 errors, 0 left on base; Nashville 0 - Fresno 1 |
| BOTTOM OF THE 2ND |
|
Fresno Grizzlies batting - Pitching for Nashville Sounds : RHP Troy DiFiore
|
|
Batting: RHB Ramon Castellon
|
0-0: Ball 1-0: Ball 2-0: Ball 3-0: Foul Ball, location: 2F 3-1: Foul Ball, location: 2F 3-2: Foul Ball, location: 2F 3-2: Base on Balls
|
|
Batting: RHB Paul Shell
|
0-0: Called Strike 0-1: Called Strike 0-2: Ground out 4-3 (Groundball, 34, EV 108.8 MPH) Ramon Castellon to second
|
|
Batting: RHB Edgar Trejo
|
0-0: Called Strike 0-1: Ball 1-1: Ball 2-1: Foul Ball, location: 2F 2-2: Foul Ball, location: 2F 2-2: Strikes out swinging
|
|
Batting: RHB Matt Parker
|
0-0: Foul Ball, location: 2F 0-1: Ball 1-1: Foul Ball, location: 2F 1-2: Ball 2-2: Fly out, F8 (Flyball, 78XD, EV 107.5 MPH)
|
| Bottom of the 2nd over - 0 runs, 0 hits, 0 errors, 1 left on base; Nashville 0 - Fresno 1 |
| TOP OF THE 3RD |
|
Nashville Sounds batting - Pitching for Fresno Grizzlies : RHP Mike Chisolm
|
|
Batting: RHB Jonathan Lugo
|
0-0: Called Strike 0-1: Fly out, F7 (Flyball, 7S, EV 93.1 MPH)
|
|
Batting: RHB Dan Boylan
|
0-0: Foul Ball, location: 2F 0-1: Ball 1-1: Foul Ball, location: 2F 1-2: Foul Ball, location: 2F 1-2: Strikes out looking
|
|
Batting: SHB Brace Harper
|
0-0: Ball 1-0: Ground out 6-3 (Groundball, 6, EV 83.1 MPH)
|
| Top of the 3rd over - 0 runs, 0 hits, 0 errors, 0 left on base; Nashville 0 - Fresno 1 |
| BOTTOM OF THE 3RD |
|
Fresno Grizzlies batting - Pitching for Nashville Sounds : RHP Troy DiFiore
|
|
Batting: SHB Danny Jensen
|
0-0: Ball 1-0: Ball 2-0: Fly out, F7 (Flyball, 78S, EV 94.4 MPH)
|
|
Batting: RHB Ben Hoffman
|
0-0: Foul Ball, location: 2F 0-1: Ball 1-1: Foul Ball, location: 2F 1-2: Ball 2-2: Strikes out swinging
|
|
Batting: LHB Chris Cabrera
|
0-0: Ball 1-0: Called Strike 1-1: Ball 2-1: Ball 3-1: Foul Ball, location: 2F 3-2: Base on Balls
|
|
Batting: LHB Bob Myers
|
0-0: Ball 1-0: Swinging Strike 1-1: DOUBLE (Flyball, 8LXD, EV 100.6 MPH) Chris Cabrera to third
|
|
Batting: RHB Chris Fitzgerald
|
0-0: Called Strike 0-1: Foul Ball, location: 2F 0-2: Ball 1-2: Ball 2-2: DOUBLE (Line Drive, 78XD, EV 102.5 MPH) Chris Cabrera scores Bob Myers scores
|
|
Batting: RHB Ramon Castellon
|
0-0: Ball 1-0: Ball 2-0: Ball 3-0: Called Strike 3-1: Fly out, F2 (Popup, 3SF, EV 76.9 MPH)
|
| Bottom of the 3rd over - 2 runs, 2 hits, 0 errors, 1 left on base; Nashville 0 - Fresno 3 |
| TOP OF THE 4TH |
|
Nashville Sounds batting - Pitching for Fresno Grizzlies : RHP Mike Chisolm
|
|
Batting: RHB Robby Godwin
|
0-0: Called Strike 0-1: SINGLE (Popup, 6MD, EV 56.9 MPH)
|
|
Batting: RHB Jeff Garofalo
|
0-0: Foul Ball, location: 2F 0-1: Ball Robby Godwin steals 2nd base 1-1: Ball 2-1: Ball 3-1: Swinging Strike 3-2: Base on Balls
|
|
Batting: RHB Dusty Thompson
|
0-0: Ball 1-0: Swinging Strike 1-1: Called Strike 1-2: Ball 2-2: Ball 3-2: Foul Ball, location: 2F 3-2: Strikes out swinging
|
|
Batting: RHB Chris Stillions
|
0-0: Ball 1-0: Grounds into double play, 6-4-3 (Groundball, 6, EV 101.9 MPH)
|
| Top of the 4th over - 0 runs, 1 hit, 0 errors, 1 left on base; Nashville 0 - Fresno 3 |
| BOTTOM OF THE 4TH |
|
Fresno Grizzlies batting - Pitching for Nashville Sounds : RHP Troy DiFiore
|
|
Batting: RHB Paul Shell
|
0-0: Ball 1-0: Ball 2-0: Called Strike 2-1: Ball 3-1: SINGLE (Line Drive, 89S, EV 99.4 MPH)
|
|
Batting: RHB Edgar Trejo
|
0-0: Called Strike Paul Shell steals 2nd, throwing error, E2 Paul Shell to third 0-1: Swinging Strike 0-2: Ball 1-2: Ground out 3-1 (Groundball, 34, EV 110.0 MPH) Paul Shell scores
|
|
Batting: RHB Matt Parker
|
0-0: Called Strike 0-1: Ball 1-1: Fly out, F8 (Flyball, 78M, EV 99.4 MPH)
|
|
Batting: SHB Danny Jensen
|
0-0: Called Strike 0-1: Ball 1-1: Ground out 4-3 (Groundball, 4S, EV 85.0 MPH)
|
| Bottom of the 4th over - 1 run, 1 hit, 1 error, 0 left on base; Nashville 0 - Fresno 4 |
| TOP OF THE 5TH |
|
Nashville Sounds batting - Pitching for Fresno Grizzlies : RHP Mike Chisolm
|
|
Batting: RHB Josh Sinden
|
0-0: Ball 1-0: Called Strike 1-1: Ball 2-1: SOLO HOME RUN (Flyball, 9D, EV 96.9 MPH), Distance : 376 ft
|
|
Batting: RHB Colin Boddy
|
0-0: Ball 1-0: Ground out 1-3 (Groundball, P, EV 68.8 MPH)
|
|
Batting: RHB Jonathan Lugo
|
0-0: Called Strike 0-1: Ball 1-1: Ball 2-1: Ball 3-1: SINGLE (Groundball, 6MD, EV 100.0 MPH)
|
|
Batting: RHB Dan Boylan
|
0-0: Called Strike 0-1: Foul Ball, location: 2F 0-2: Ball 1-2: Fielders Choice at 2nd, 5-4 (Groundball, 56, EV 83.8 MPH)
|
|
Batting: SHB Brace Harper
|
0-0: Ball 1-0: Called Strike Dan Boylan steals 2nd base (no throw) 1-1: Swinging Strike 1-2: Ball 2-2: SINGLE (Flyball, 56D, EV 88.8 MPH) Dan Boylan to third Runner from 3rd tries for Home, SAFE, throw by LF to home Brace Harper to second
|
|
Batting: RHB Robby Godwin
|
0-0: Swinging Strike 0-1: Called Strike 0-2: Strikes out swinging
|
| Top of the 5th over - 2 runs, 3 hits, 0 errors, 1 left on base; Nashville 2 - Fresno 4 |
| BOTTOM OF THE 5TH |
|
Fresno Grizzlies batting - Pitching for Nashville Sounds : RHP Troy DiFiore
|
|
Batting: RHB Ben Hoffman
|
0-0: Ball 1-0: Ground out 6-3 (Groundball, 6S, EV 75.0 MPH)
|
|
Batting: LHB Chris Cabrera
|
0-0: Ball 1-0: Called Strike 1-1: Ball 2-1: Reached on error, E6 (Groundball, 6, EV 91.9 MPH)
|
|
Batting: LHB Bob Myers
|
0-0: Ball 1-0: Ball 2-0: Ball 3-0: Base on Balls
|
|
Batting: RHB Chris Fitzgerald
|
0-0: Called Strike 0-1: Ball 1-1: Foul Ball, location: 2F 1-2: Ball 2-2: Fly out, F6 (Line Drive, 6, EV 70.0 MPH)
|
|
Batting: RHB Ramon Castellon
|
0-0: Called Strike 0-1: Fly out, F4 (Line Drive, 4, EV 67.5 MPH)
|
| Bottom of the 5th over - 0 runs, 0 hits, 1 error, 2 left on base; Nashville 2 - Fresno 4 |
| TOP OF THE 6TH |
|
Nashville Sounds batting - Pitching for Fresno Grizzlies : RHP Mike Chisolm
|
|
Batting: RHB Jeff Garofalo
|
0-0: Called Strike 0-1: Ball 1-1: Ball 2-1: Foul Ball, location: 2F 2-2: Ball 3-2: Ground out 4-3 (Groundball, 4M, EV 85.6 MPH)
|
|
Batting: RHB Dusty Thompson
|
0-0: Called Strike 0-1: Foul Ball, location: 2F 0-2: Ball 1-2: Fly out, F8 (Line Drive, 8LS, EV 93.1 MPH)
|
|
Batting: RHB Chris Stillions
|
0-0: SINGLE (Groundball, 56S, EV 65.6 MPH) (infield hit)
|
|
Batting: RHB Josh Sinden
|
0-0: Called Strike 0-1: Called Strike 0-2: Strikes out swinging
|
| Top of the 6th over - 0 runs, 1 hit, 0 errors, 1 left on base; Nashville 2 - Fresno 4 |
| BOTTOM OF THE 6TH |
|
Fresno Grizzlies batting - Pitching for Nashville Sounds : RHP Troy DiFiore
|
|
Batting: RHB Paul Shell
|
0-0: Called Strike 0-1: Ball 1-1: Ball 2-1: Swinging Strike 2-2: Ball 3-2: Foul Ball, location: 2F 3-2: Strikes out swinging
|
|
Pitching: RHP Gary Caldwell
|
|
|
Batting: RHB Edgar Trejo
|
0-0: Ball 1-0: Ball 2-0: Ground out 6-3 (Groundball, 6S, EV 66.2 MPH)
|
|
Batting: RHB Matt Parker
|
0-0: Ball 1-0: Ball 2-0: Foul Ball, location: 2F 2-1: Called Strike 2-2: SINGLE (Groundball, 34D, EV 93.8 MPH)
|
|
Batting: SHB Danny Jensen
|
0-0: Ball Matt Parker steals 2nd base (no throw) 1-0: Ground out 6-3 (Groundball, 6MS, EV 84.4 MPH)
|
| Bottom of the 6th over - 0 runs, 1 hit, 0 errors, 1 left on base; Nashville 2 - Fresno 4 |
| TOP OF THE 7TH |
|
Nashville Sounds batting - Pitching for Fresno Grizzlies : RHP Mike Chisolm
|
|
Batting: RHB Colin Boddy
|
0-0: Ball 1-0: Ball 2-0: Called Strike 2-1: Called Strike 2-2: SINGLE (Groundball, 4MD, EV 96.2 MPH)
|
|
Pitching: RHP Jorge Aguilar
|
|
|
Batting: RHB Jonathan Lugo
|
0-0: Bunted foul 0-1: Ball 1-1: Sac Bunt to 15S - play at first, batter OUT! 1-4 Colin Boddy to second
|
|
Batting: RHB Dan Boylan
|
0-0: Ground out 5-3 (Groundball, 56, EV 83.8 MPH)
|
|
Batting: SHB Brace Harper
|
0-0: Foul Ball, location: 2F 0-1: Ball 1-1: Foul Ball, location: 2F 1-2: SINGLE (Groundball, 4D, EV 95.0 MPH) Colin Boddy to third Runner from 3rd tries for Home, SAFE, throw by RF to home
|
|
Batting: RHB Robby Godwin
|
0-0: Ball 1-0: Ball 2-0: Foul Ball, location: 2F 2-1: Fielders Choice at 2nd, 5-4 (Groundball, 56, EV 81.2 MPH)
|
| Top of the 7th over - 1 run, 2 hits, 0 errors, 1 left on base; Nashville 3 - Fresno 4 |
| BOTTOM OF THE 7TH |
|
Fresno Grizzlies batting - Pitching for Nashville Sounds : RHP Gary Caldwell
|
|
Now at C: Ben Zeiler
|
|
|
Batting: RHB Ben Hoffman
|
0-0: Called Strike 0-1: Ground out 5-3 (Groundball, 56, EV 101.2 MPH)
|
|
Batting: LHB Chris Cabrera
|
0-0: Ball 1-0: Called Strike 1-1: Foul Ball, location: 2F 1-2: Ball 2-2: Ball 3-2: Foul Ball, location: 2F 3-2: SINGLE (Groundball, 6D, EV 96.9 MPH)
|
|
Batting: LHB Bob Myers
|
Pickoff Throw to First - Out! 1-3 0-0: Called Strike 0-1: Ball 1-1: Fly out, F6 (Popup, 6MS, EV 81.9 MPH)
|
| Bottom of the 7th over - 0 runs, 1 hit, 0 errors, 0 left on base; Nashville 3 - Fresno 4 |
| TOP OF THE 8TH |
|
Nashville Sounds batting - Pitching for Fresno Grizzlies : RHP Jorge Aguilar
|
|
Batting: RHB Jeff Garofalo
|
0-0: Ball 1-0: Ball 2-0: Called Strike 2-1: Ball 3-1: Foul Ball, location: 2F 3-2: Ground out 5-3 (Groundball, 5L, EV 103.8 MPH)
|
|
Pinch Hitting: LHB Isto Mäyrä
|
0-0: Fly out, F7 (Flyball, 7S, EV 88.8 MPH)
|
|
Batting: RHB Chris Stillions
|
0-0: Ball 1-0: Ball 2-0: Ground out 6-3 (Groundball, 6, EV 91.9 MPH)
|
| Top of the 8th over - 0 runs, 0 hits, 0 errors, 0 left on base; Nashville 3 - Fresno 4 |
| BOTTOM OF THE 8TH |
|
Fresno Grizzlies batting - Pitching for Nashville Sounds : RHP Gary Caldwell
|
|
Now at 3B: Robby Godwin
|
|
|
Now in CF: Isto Mäyrä
|
|
|
Batting: RHB Chris Fitzgerald
|
0-0: Called Strike 0-1: Called Strike 0-2: DOUBLE (Line Drive, 78M, EV 110.0 MPH)
|
|
Batting: RHB Ramon Castellon
|
0-0: Ball 1-0: Fly out, F9 (Flyball, 89M, EV 87.5 MPH)
|
|
Batting: RHB Paul Shell
|
0-0: Ball 1-0: Ball 2-0: Called Strike 2-1: Ball 3-1: Base on Balls
|
|
Batting: RHB Edgar Trejo
|
0-0: Ball 1-0: Foul Ball, location: 2F 1-1: Called Strike 1-2: Foul Ball, location: 2F 1-2: Ball 2-2: Foul Ball, location: 2F 2-2: Ball 3-2: Foul Ball, location: 2F 3-2: Strikes out swinging
|
|
Batting: RHB Matt Parker
|
0-0: Swinging Strike 0-1: Foul Ball, location: 2F 0-2: Foul Ball, location: 2F 0-2: Strikes out looking
|
| Bottom of the 8th over - 0 runs, 1 hit, 0 errors, 2 left on base; Nashville 3 - Fresno 4 |
| TOP OF THE 9TH |
|
Nashville Sounds batting - Pitching for Fresno Grizzlies : RHP Jorge Aguilar
|
|
Batting: RHB Josh Sinden
|
0-0: Called Strike 0-1: Hit by Pitch
|
|
Batting: RHB Ben Zeiler
|
0-0: Ball 1-0: Ball 2-0: Swinging Strike 2-1: Swinging Strike 2-2: Ball 3-2: Foul Ball, location: 2F 3-2: Foul Ball, location: 2F 3-2: Strikes out swinging
|
|
Batting: RHB Jonathan Lugo
|
0-0: Swinging Strike 0-1: Ball 1-1: Foul Ball, location: 2F 1-2: Ball 2-2: Strikes out swinging
|
|
Batting: RHB Dan Boylan
|
0-0: Foul Ball, location: 2F 0-1: SINGLE (Groundball, 4M, EV 98.1 MPH) (infield hit) Josh Sinden to second
|
|
Batting: SHB Brace Harper
|
0-0: Ball 1-0: Swinging Strike 1-1: Ball 2-1: Fielders Choice at 2nd, 6-4 (Groundball, 6, EV 92.5 MPH)
|
| Top of the 9th over - 0 runs, 1 hit, 0 errors, 2 left on base; Nashville 3 - Fresno 4 |
|